 Dungeon Crawl Stone Soup version 0.27-a0-1085-gf0060e8 (webtiles) character file.

Game seed: 16711883845699803639

427 Meow the Stinger (level 6, -5/49 HPs)
             Began as a Naga Venom Mage on Mar 19, 2021.
             Killed by miscasting Mephitic Cloud (15 damage)
             ... on level 5 of the Dungeon on Apr 26, 2021.
             The game lasted 00:17:34 (3106 turns).

Meow the Stinger (Naga Venom Mage)                  Turns: 3106, Time: 00:17:34

Health: -5/49      AC:  3    Str: 10    XL:     6   Next: 97%
Magic:  5/12       EV:  4    Int: 18    God:
Gold:   188        SH: 15    Dex: 15    Spells: 7/14 levels left

rFire    + . .     SeeInvis +   b - +0 war axe
rCold    . . .     Faith    .   j - +0 tower shield
rNeg     + + .     Spirit   .   s - +0 leather armour of Demonic Creativity {rF+ rN++ rCorr Dex+4}
rPois    +         Reflect  +   (no helmet)
rElec    .         Harm     .   (no cloak)
rCorr    +         Rampage  .   (no gloves)
Will     .....                  (no barding)
Stlth    ++........             k - amulet of reflection
HPRegen  0.16/turn              (no ring)
MPRegen  0.13/turn              (no ring)

@: short of breath, very slightly contaminated, very slow
A: AC +2, large, see invisible, deformed body, poison resistance, slowness 2,
spit poison 1, naga tail 1
a: Spit Poison


You were on level 5 of the Dungeon.
You visited 1 branch of the dungeon, and saw 5 of its levels.

You collected 188 gold pieces.

Inventory:

Hand Weapons
 a - a +0 hand crossbow
 b - a +0 war axe (weapon)
 d - a +3 dagger
 t - a +0 hunting sling
Missiles
 c - 85 stones (quivered)
 g - 26 poisoned darts
 n - 33 sling bullets
 r - 23 arrows
 u - 15 bolts
Armour
 h - a +0 robe
 j - a +0 tower shield (worn)
 s - the +0 leather armour of Demonic Creativity (worn) {rF+ rN++ rCorr Dex+4}
   (You took it off an orc wizard on level 4 of the Dungeon)

   It affects your dexterity (+4).
   It protects you from fire.
   It greatly protects you from negative energy.
   It protects you from acid and corrosion.
Jewellery
 k - an amulet of reflection (around neck)
 v - a ring of see invisible
Scrolls
 f - a scroll of amnesia {unknown}
 o - 2 scrolls of magic mapping {unknown}
 w - a scroll of acquirement {unknown}
Potions
 e - 3 potions of haste {unknown}
 i - a potion of attraction {unknown}
 l - a potion of heal wounds {unknown}
 m - a potion of resistance {unknown}
 p - a potion of cancellation {unknown}
 q - a potion of magic {unknown}


   Skills:
 - Level 0.1 Fighting
 - Level 0.8(0.9) Axes
 - Level 0.3(0.6) Maces & Flails
 - Level 0.2(0.9) Slings
 - Level 1.3(1.4) Throwing
 - Level 1.7 Dodging
 - Level 3.4 Stealth
 + Level 4.5 Spellcasting
 - Level 1.0 Transmutations
 + Level 7.0 Poison Magic


You had 7 spell levels left.
You knew the following spells:

 Your Spells              Type           Power      Damage    Failure   Level
a - Sting                 Tmut/Pois      72%        1d6       67%         1
c - Mephitic Cloud        Conj/Pois/Air  12%        N/A       99%         3
F - Ignite Poison         Fire/Tmut/Pois 13%        N/A       99%         3

Your spell library contained the following spells:

 Spells                   Type           Power      Damage    Failure   Level
 Poisonous Vapours        Pois/Air       32%        N/A       87%         2
 Olgreb's Toxic Radiance  Pois           29%        N/A       95%         4
 Animate Skeleton         Necr           8%         N/A       99%         1
 Apportation              Tloc           8%         N/A       99%         1
 Corona                   Hex            4%         N/A       99%         1
 Summon Small Mammal      Summ           16%        N/A       99%         1
 Call Imp                 Summ           4%         N/A       100%        2
 Sublimation of Blood     Necr           2%         N/A       100%        2
 Call Canine Familiar     Summ           4%         N/A       100%        3
 Summon Guardian Golem    Hex/Summ       4%         N/A       100%        3
 Animate Armour           Summ/Erth      8%         N/A       100%        4
 Summon Ice Beast         Ice/Summ       4%         N/A       100%        4
 Summon Lightning Spire   Summ/Air       4%         N/A       100%        4
 Lee's Rapid Deconstruct  Erth           2%         3d5*      100%        5


Dungeon Overview and Level Annotations

Branches:
Dungeon (5/15)
 Temple: D:4-7

Altars:
Kikubaaqudgha
Vehumet
Xom


Innate Abilities, Weirdness & Mutations

Your serpentine skin is tough. (AC +2)
You have supernaturally acute eyesight. (SInv)
Armour fits poorly on your strangely shaped body.
Your system is resistant to poisons. (rPois)
You cover ground very slowly.
You can spit poison.
You have a snake-like lower body.


Message History

Unknown command.
Things that are here:
a +0 hand axe; a +0 ring mail You now have 188 gold pieces (gained 15).
Press: ? - help, v - describe, . - travel The floor.
As you open the door, it creaks loudly!
There is an open door here.
Your magical contamination has completely faded away.
An iguana comes into view.
Casting: Sting (safe; 67% risk of failure)
Confirm with . or Enter, or press ? or * to list all spells.
The spell is extremely dangerous to cast (99% risk of failure)!
Continue anyway?
Okay, then.
Unknown command.
Unknown command.
Press: ? - help, Shift-Dir - straight line, f - iguana
Aim: an iguana (wandering, hasn't noticed you)
The splash of poison hits the iguana!
The iguana is poisoned.
The iguana is heavily wounded.
The iguana hisses angrily.
Casting: Mephitic Cloud (extremely dangerous; 99% risk of failure)
Confirm with . or Enter, or press ? or * to list all spells.
The spell is extremely dangerous to cast (99% risk of failure)!
Continue anyway?
Aiming: Mephitic Cloud (extremely dangerous; 99% risk of failure)
Press: ? - help, Shift-Dir - straight line, f/p - iguana
Aim: an iguana (heavily wounded, poisoned, chance to affect: 86%)
You miscast Mephitic Cloud.
You are very lightly contaminated with residual magic.
You feel a sudden electric shock!
* * * LOW HITPOINT WARNING * * *
Okay, then.
Casting: Mephitic Cloud (extremely dangerous; 99% risk of failure)
Confirm with . or Enter, or press ? or * to list all spells.
The spell is extremely dangerous to cast (99% risk of failure)!
Continue anyway?
Aiming: Mephitic Cloud (extremely dangerous; 99% risk of failure)
Press: ? - help, Shift-Dir - straight line, f/p - iguana
Aim: an iguana (heavily wounded, poisoned, chance to affect: 86%)
You miscast Mephitic Cloud.
Strange energies run through your body!
You die...

# ##+## #. ##...##
#.# ##..<..## #..#
##..)....##
####..l####.........#
.......@..'.........+
####...####.........#
#..# ##.......## ....
##.....## #...
##...## #..# ##+##
#.. #.


You could see an iguana (poisoned).

Vanquished Creatures
  An orc warrior (D:4)
  An ogre (D:2)
  An orc priest (D:3)
  3 orc wizards (D:4)
  A hound skeleton (D:5)
  3 adders (D:2)
  2 adder skeletons
  A worm (D:2)
  8 orcs
  2 ball pythons
  8 bats
  7 endoplasms
  2 giant cockroaches
  8 goblins
  5 hobgoblins
  5 jackals (D:3)
  10 kobolds
  2 quokkas
  2 frilled lizards
  8 rats
80 creatures vanquished.

Notes
Turn   | Place    | Note
-------+----------+-------------------------------------------
     0 | D:1      | Meow the Naga Venom Mage began the quest for the Orb.
     0 | D:1      | Reached XP level 1. HP: 15/15 MP: 3/3
     0 | D:1      | Upgraded the game from 0.27-a0-681-g0c81a3c to
                  | 0.27-a0-1085-gf0060e8
   108 | D:1      | Reached XP level 2. HP: 22/22 MP: 1/5
   310 | D:1      | Identified the Compendium of Ghastly Stones
   582 | D:1      | Reached XP level 3. HP: 14/28 MP: 7/7
   586 | D:1      | Learned a level 3 spell: Mephitic Cloud
   590 | D:1      | Learned a level 3 spell: Ignite Poison
   877 | D:2      | Noticed an ogre
   952 | D:2      | Reached XP level 4. HP: 36/36 MP: 6/8
   966 | D:2      | Reached skill level 1 in Throwing
   986 | D:3      | Found a faded altar of an unknown god.
  1105 | D:3      | Reached skill level 5 in Poison Magic
  1114 | D:3      | Reached XP level 5. HP: 42/42 MP: 9/9
  1269 | D:3      | Found an ancient bone altar of Kikubaaqudgha.
  1713 | D:2      | Killed an ogre
  1714 | D:2      | Reached skill level 6 in Poison Magic
  1714 | D:2      | Reached XP level 6. HP: 49/49 MP: 6/11
  2228 | D:4      | Found a radiant altar of Vehumet.
  2228 | D:4      | Found a shimmering altar of Xom.
  2237 | D:4      | Noticed an orc warrior
  2608 | D:4      | Identified the +0 leather armour of Demonic Creativity {rF+
                  | rN++ rCorr Dex+4}
  2622 | D:4      | Killed an orc warrior
  3079 | D:5      | Entered Level 5 of the Dungeon
  3093 | D:5      | Reached skill level 7 in Poison Magic
  3106 | D:5      | Killed by miscasting Mephitic Cloud

Illustrated notes

Levels and vault maps discovered:
D:1:      scummos_arrival_simple_fountains, layout_rooms, grunt_decor_arrowhead,
          minmay_misc_feat_nine_boxes
D:2:      layout_basic
D:3:      layout_rooms, kiku_gazebo_pond_becter, ebering_ecumenical_altar_rust
D:4:      layout_cave_pods, grunt_temple_overflow_open, corner_web_ring
D:5:      layout_loops_corners, portal_sewer_entry_b, roderic_serpentine_path

Skill      XL: |  1  2  3  4  5  6 |
---------------+-------------------+-----
Throwing       | 1 |  1.3
Spellcasting   | 3 4 |  4.5
Poison Magic   | 5 6 7 |  7.0
Fighting       | |  0.1
Axes           | |  0.8
Maces & Flails | |  0.3
Slings         | |  0.2
Dodging        | |  1.7
Stealth        | |  3.4
Transmutations | |  1.0

Action                   |  1- 3 |  4- 6 || total
-------------------------+-------+-------++-------
Melee: War axe           |     9 |    12 ||    21
       Club              |     4 |       ||     4
 Fire: Hunting sling     |     2 |    44 ||    46
       Hand crossbow     |       |     1 ||     1
Throw: Stone             |    12 |       ||    12
 Cast: Sting             |    13 |    44 ||    57
       Mephitic Cloud    |       |     4 ||     4
 Abil: Spit Poison       |    33 |    33 ||    66
Armor: Robe              |     1 |     7 ||     8
       Leather armour    |       |     4 ||     4
Dodge: Dodged            |     8 |    21 ||    29
Block: Tower shield      |       |    15 ||    15
       Other             |       |     8 ||     8
       Reflection        |       |     3 ||     3

Table legend: (Time is in decaauts)
 A = Elapsed time spent in this place.
 B = Non-inter-level travel time spent in this place.
 C = Inter-level travel time spent in this place.
 D = Time resting spent in this place.
 E = Time spent auto-exploring this place.
 F = Levels seen in this place.
 G = Mean time per level.
                   A        B        C        D        E       F      G
               +--------+--------+--------+--------+--------+-----+--------+
         Total |   4187 |   3814 |    373 |     47 |   2906 |   5 |  837.4 |
       Dungeon |   4187 |   3814 |    373 |     47 |   2906 |   5 |  837.4 |
               +--------+--------+--------+--------+--------+-----+--------+

Top non-repeatable levels by time:
     D:2: 1477 daAuts
     D:4: 1109 daAuts
     D:1: 914 daAuts
     D:3: 650 daAuts
     D:5: 35 daAuts
